 Dungeon Crawl Stone Soup version 0.22.1-1-ga44c0e5 (webtiles) character file.

84 lysyklops the Slasher (level 4, -3/34 HPs)
             Began as a Demonspawn Gladiator on Sept 22, 2018.
             Slain by a gnoll
             ... wielding a +0 whip
              (10 damage)
             ... on level 2 of the Dungeon.
             The game lasted 00:05:00 (1750 turns).

lysyklops the Slasher (Demonspawn Gladiator)        Turns: 1750, Time: 00:05:01

Health: -3/34      AC:  7    Str: 15    XL:     4   Next: 23%
Magic:  4/4        EV: 13    Int: 10    God:
Gold:   74         SH:  0    Dex: 14    Spells: 3/3 levels left

rFire    . . .     SeeInvis .   a - +0 long sword
rCold    . . .     Gourm    .   (no shield)
rNeg     . . .     Faith    .   b - +0 leather armour
rPois    .         Spirit   .   o - +0 helmet (curse)
rElec    .         Reflect  .   (no cloak)
rCorr    .         Harm     .   i - +0 pair of gloves
MR       .....                  (no boots)
Stlth    +.........             (no amulet)
HPRegen  0.11/turn              (no ring)
MPRegen  0.09/turn              (no ring)

@: no status effects
A: slimy green scales 1
a: no special abilities


You were on level 2 of the Dungeon.
You were very hungry.

You visited 1 branch of the dungeon, and saw 3 of its levels.

You collected 74 gold pieces.

Inventory:

Hand Weapons
 a - a +0 long sword (weapon)
Missiles
 d - 3 throwing nets (quivered)
Armour
 b - a +0 leather armour (worn)
 c - a +0 helmet
 i - a +0 pair of gloves (worn)
 o - a cursed +0 helmet (worn)
Wands
 s - a wand of iceblast (8)
Scrolls
 e - a scroll of blinking {unknown}
 k - a scroll of magic mapping {unknown}
 n - a scroll of remove curse {unknown}
 p - a scroll of enchant armour {unknown}
 q - a scroll of identify {unknown}
Potions
 g - a potion of heal wounds {unknown}
 h - 2 potions of degeneration {unknown}
 j - a potion of curing {unknown}
 l - 2 potions of haste {unknown}
 m - a potion of magic {unknown}
 r - a potion of lignification {unknown}
Comestibles
 f - 4 rations


   Skills:
 + Level 2.8 Fighting
 + Level 3.3 Long Blades
 + Level 2.4 Throwing
 + Level 3.2 Dodging


You had 3 spell levels left.
You didn't know any spells.
Your spell library was empty.

Dungeon Overview and Level Annotations

Branches:
Dungeon (3/15)

Altars:
Qazlal
Yredelemnul


Innate Abilities, Weirdness & Mutations

You are partially covered in slimy green scales. (AC +2)


Message History

The gnoll closely misses you.
There is a stone staircase leading up here.
The gnoll barely misses you.
You riposte.
You hit the gnoll.
The gnoll is heavily wounded.
You climb upwards.
There is a stone staircase leading down here.
You are too injured to fight recklessly!
You are too injured to fight recklessly!
You are too injured to fight recklessly!
You are too injured to fight recklessly!
You hit the gnoll but do no damage.
The gnoll is heavily wounded.
The gnoll misses you.
You riposte.
You closely miss the gnoll.
The gnoll is heavily wounded.
The gnoll hits you. The gnoll hits you with a whip.
* * * LOW HITPOINT WARNING * * *
You hit the gnoll but do no damage.
The gnoll is heavily wounded.
The gnoll misses you. The gnoll hits you with a whip!
You die...

##################
#...............).
#####.#########.###.##
#.....# #.#<#.#
#^###.# #.#.#.#
#...#.# #.#.#.#
###.#g#########.#.#)#
#.#@g....)........#
#.###########...#.#
#.# #####.# #.# #.##
#.######## #..#
#.......)# #..#
########.# #...
#)########.#.
#..≈..≈...≈..


You could see 2 gnolls.

Vanquished Creatures
  2 adders
  A dart slug (D:1)
  3 leopard geckos
  8 bats
  3 giant cockroaches (D:1)
  7 hobgoblins
  4 jackals (D:1)
  A quokka (D:2)
  6 frilled lizards
  7 goblins
  9 kobolds
  6 rats
57 creatures vanquished.

Notes
Turn   | Place    | Note
-------+----------+-------------------------------------------
     0 | D:1      | lysyklops the Demonspawn Gladiator began the quest for the
                  | Orb.
     0 | D:1      | Reached XP level 1. HP: 16/16 MP: 1/1
   142 | D:1      | Gained mutation: You are partially covered in slimy green
                  | scales. (AC +2) [demonic ancestry]
   142 | D:1      | Reached XP level 2. HP: 4/22 MP: 2/2
   771 | D:1      | Reached XP level 3. HP: 28/28 MP: 3/3
  1163 | D:2      | Found a faded altar of an unknown god.
  1279 | D:2      | Found a basalt altar of Yredelemnul.
  1317 | D:2      | Found a stormy altar of Qazlal.
  1490 | D:2      | Reached XP level 4. HP: 34/34 MP: 4/4
  1750 | D:2      | Slain by a gnoll

Skill      XL: |  1  2 |
---------------+-------+-----
Long Blades    | 3 |  3.3
Throwing       | 2 |  2.4
Dodging        | 3 |  3.2
Fighting       | |  2.8

Action                   |  1- 3 |  4- 6 || total
-------------------------+-------+-------++-------
Melee: Long sword        |   135 |    23 ||   158
 Stab: Sleeping          |     1 |       ||     1
  Eat: Chunk             |     2 |       ||     2
Armor: Leather armour    |    65 |     5 ||    70
Dodge: Dodged            |   125 |    21 ||   146
       Rpst.: Long sword |    42 |     6 ||    48
